Cogmind - Beta 15 @@@ ROGUE MODE // 2025.08.12 @ 12:36:57 Player: Mogwok Wargfriend Result: Destroyed by D-53 Grenadier with Mini Grenade Launcher Performance ------------- Evolutions (0) 0 Regions Visited (4) 800 Robots Destroyed (33) 165 Value Destroyed (559) 559 Prototype IDs (25) 500 Alien Tech Used (0) 0 Bonus (300) 300 TOTAL SCORE: 2324 Bonus ------- Aligned with FarCom 300 Cogmind --------- Core Integrity 0/250 Matter 295/300 Energy 85/100 System Corruption 0% Temperature Cool (32) Movement Core (400) Ox7 Location -9/Mines Parts ------- > --- POWER (1) -------- (None) > --- PROPULSION (2) --- (None) > --- UTILITY (2) ------ Large Storage Unit Modified TNC > --- WEAPON (2) ------- Beam Cannon > --- INVENTORY (15) --- Ion Engine Armored Wheel Armored Wheel Armored Wheel Improved Heat Sink High-capacity Battery (250) Hardened Medium Armor Plating Authchip [Device] Improved Trap Extractor (4/6 EMP Trap) Light EM Pulse Cannon Light EM Pulse Cannon Grenade Launcher Improved Datajack Katana Peak State ------------ > --- POWER ------------ Ion Engine > --- PROPULSION ------- Wheel Armored Wheel > --- UTILITY ---------- Large Storage Unit Improved Trap Extractor > --- WEAPON ----------- EM Pulse Gun Beam Cannon > --- INVENTORY -------- Ion Engine Armored Wheel Armored Wheel Armored Wheel Improved Heat Sink Improved Heat Sink High-capacity Battery High-capacity Matter Pod Hardened Medium Armor Plating Authchip [Device] Light EM Pulse Cannon Light EM Pulse Cannon Grenade Launcher Improved Datajack Katana [Rating: 14] Favorites ----------- Power Ion Engine Engine Ion Engine Propulsion Wheel Wheel Wheel Utility Large Storage Unit Device Trap Extractor Storage Large Storage Unit Processor Modified TNC Protection Hardened Medium Armor Plating Weapon Beam Cannon Energy Gun EM Pulse Gun Energy Cannon Beam Cannon Ballistic Gun Light Assault Rifle Special Melee Weapon Datajack Build | -11 -10 -10 -10 -9 ------- Run | Yrd Mat Min Exi Min Slots Evolved . | . . . . . Power . | . . . . . Propulsion . | . . . . . Utility . | . . . . . Weapon . | . . . . . Parts Attached 26 | 7 15 3 . 1 Power 3 | 1 2 . . . Engine 3 | 1 2 . . . Core . | . . . . . Reactor . | . . . . . Propulsion 7 | 2 5 . . . Treads . | . . . . . Leg . | . . . . . Wheel 7 | 2 5 . . . Hover . | . . . . . Flight . | . . . . . Utility 10 | 2 4 3 . 1 Device 5 | 1 3 1 . . Storage 3 | 1 1 1 . . Processor 1 | . . . . 1 Hackware . | . . . . . Protection 1 | . . 1 . . Artifact . | . . . . . Weapon 6 | 2 4 . . . Energy Gun 2 | . 2 . . . Energy Cannon 1 | . 1 . . . Ballistic Gun 2 | 2 . . . . Ballistic Cannon . | . . . . . Launcher . | . . . . . Special Weapon . | . . . . . Impact Weapon . | . . . . . Slashing Weapon . | . . . . . Piercing Weapon . | . . . . . Special Melee Weapon 1 | . 1 . . . Unidentified Prototypes . | . . . . . Parts Lost 6 | . 1 . . 5 Power 1 | . . . . 1 Propulsion 2 | . . . . 2 Utility 1 | . . . . 1 Weapon 2 | . 1 . . 1 Highest Loss Streak 5 | . 1 . . 5 To Critical Strikes . | . . . . . Average Backups 13 | 4 14 15 15 14 Power . | . 1 1 1 1 Propulsion 3 | 2 3 3 3 3 Utility 5 | . 4 6 6 5 Weapon 4 | 1 4 3 4 4 Tool/Special . | . . . . . Unused Backups 27 | . 13 2 1 11 Power 2 | . 1 . . 1 Propulsion 6 | . 4 . . 2 Utility 10 | . 5 1 1 3 Weapon 8 | . 3 1 . 4 Tool/Special 1 | . . . . 1 Average Slot Usage (%) 99 | . 99 99 100 99 Engine 14 | . 14 14 14 14 Wheel 27 | . 28 28 28 27 Device 10 | . 13 8 . 11 Storage 14 | . 14 14 14 14 Protection 3 | . . 5 14 2 Energy Gun 8 | . 4 14 14 14 Energy Cannon 11 | . 10 14 14 14 Ballistic Gun 5 | . 9 . . . Special Melee Weapon 1 | . 3 . . . Peak Build Rating 14 | 7 12 14 13 13 Average Rating 10 | 5 9 11 13 12 On Entrance 8 | . 7 11 13 13 Naked Turns . | . . . . . Heaviest Build 38 | 14 32 38 38 38 Greatest Support 26 | 26 26 22 22 22 Greatest Overweight (x) 2 | . 2 1 1 1 Average Overweight (x) . | . . 1 1 1 Largest Inventory Capacity 15 | 8 15 15 15 15 Average Capacity 14 | 7 14 15 15 15 Most Carried 15 | 8 15 15 15 15 Average Carried 14 | 4 14 14 14 14 Final Capacity 15 | 8 15 15 15 15 Final Carried 15 | 7 15 15 15 14 Class Distribution -------------------- 85% | Mutant 14% | Scavenger-Mutant Dominant Class ---------------- Mutant | -10/Materials Mutant | -10/Mines Mutant | -10/Exiles Mutant | -9/Mines Resources | -11 -10 -10 -10 -9 ----------- Run | Yrd Mat Min Exi Min Matter Collected 1009 | 314 645 40 . 10 Remotely . | . . . . . Salvage Created 1194 | 92 879 160 . 63 Parts 77 | 11 59 5 . 2 Haulers Intercepted 2 | . 2 . . . Recyclers Shooed 1 | . . 1 . . Parts Field Recycled . | . . . . . Retrieved Matter . | . . . . . Parts Self-Destructed . | . . . . . Prevented . | . . . . . Kills | -11 -10 -10 -10 -9 ------- Run | Yrd Mat Min Exi Min Combat Hostiles Destroyed 13 | . 13 . . . Guns 8 | . 8 . . . Cannons 5 | . 5 . . . Classes Destroyed 9 | 2 7 . . . Worker 4 | . 4 . . . Builder 1 | . 1 . . . Tunneler 2 | 2 . . . . Hauler 2 | . 2 . . . Recycler 5 | 1 1 2 . 1 Operator 3 | . 3 . . . Watcher 3 | . 3 . . . Swarmer 3 | . 3 . . . Grunt 10 | . 10 . . . Best Kill Streak 4 | 3 4 1 . 1 Combat Bots Only 3 | . 3 . . . Max Kills in Single Turn 2 | 1 2 1 . 1 Gunslinging . | . . . . . Exploded . | . . . . . Melee . | . . . . . Uniques/NPCs Destroyed . | . . . . . Combat | -11 -10 -10 -10 -9 -------- Run | Yrd Mat Min Exi Min Hostile Shots Fired 81 | . 67 . . 14 Missed 23 | . 21 . . 2 Hits 58 | . 46 . . 12 Projectile 58 | . 46 . . 12 AOE 9 | . . . . 9 Damage Taken 1033 | . 556 64 . 413 Core 271 | . 127 . . 144 Absorbed by Shields . | . . . . . Regen/Repaired (Parts) 34 | . 34 . . . Core Remaining (%) 100 | 100 . . . . Volleys Fired 116 | 11 94 6 . 5 Largest 2 | 2 2 2 . 2 Hottest 100 | 40 100 100 . 100 Shots Fired 197 | 22 153 12 . 10 Gun 119 | 22 86 6 . 5 Cannon 78 | . 67 6 . 5 Launcher . | . . . . . Special . | . . . . . Kinetic 90 | 22 68 . . . Thermal 83 | . 72 6 . 5 Explosive . | . . . . . Electromagnetic 24 | . 13 6 . 5 Robot Hit Streak 13 | 5 13 2 . 3 Robot Miss Streak 6 | 2 6 3 . 5 Penetration Max . | . . . . . Secondary Targets 2 | . 2 . . . Max Gunslinging Chain 1 | . 1 . . . Shots Hit Robots 122 | 14 98 6 . 4 Core Hits 57 | 6 44 3 . 4 Critical Kills . | . . . . . Critical Parts Destroyed 1 | . 1 . . . Critical Strikes 1 | . 1 . . . Destroy 1 | . 1 . . . Melee Attacks 2 | . 2 . . . Impact . | . . . . . Slashing . | . . . . . Piercing . | . . . . . Sneak Attacks 2 | . 2 . . . Combat Hostiles . | . . . . . Follow-up Attacks . | . . . . . Damage Inflicted 1671 | 157 1326 120 . 68 Guns 889 | 157 673 25 . 34 Cannons 715 | . 613 68 . 34 Explosions 62 | . 35 27 . . Melee . | . . . . . Ramming 5 | . 5 . . . Kinetic 587 | 157 430 . . . Thermal 834 | . 705 95 . 34 Explosive . | . . . . . Electromagnetic 245 | . 186 25 . 34 Impact . | . . . . . Slashing . | . . . . . Piercing . | . . . . . Highest Corruption . | . . . . . Average Corruption . | . . . . . Corruption Purged . | . . . . . Corruption Blocked . | . . . . . Overload Shots . | . . . . . Overflow Damage . | . . . . . Projectiles . | . . . . . Explosions . | . . . . . Melee . | . . . . . Knockbacks . | . . . . . Impact . | . . . . . Kinetic . | . . . . . Secondary . | . . . . . Self-Inflicted Damage 24 | . 2 22 . . Shots 1 | . . 1 . . Rammed 1 | . 1 . . . Targets Rammed 1 | . 1 . . . Kicked . | . . . . . Crushed . | . . . . . Highest Temperature 141 | . 141 120 . 51 Average Temperature 38 | . 37 50 . 29 Received Heat Transfer 309 | . 282 . . 27 Siege Activations . | . . . . . Martial Activations . | . . . . . Shielding Activations . | . . . . . Robots Disrupted . | . . . . . Combat Hostiles . | . . . . . Robots Corrupted . | . . . . . Combat Hostiles . | . . . . . Parts Fried 1 | . 1 . . . Impact Corruptions . | . . . . . Robots Melted . | . . . . . Combat Hostiles . | . . . . . Parts Melted 1 | . 1 . . . Heat Transferred 1742 | . 1470 198 . 74 Parts Sabotaged . | . . . . . Parts Stolen . | . . . . . Parts Stripped . | . . . . . Power Chain Reactions 2 | . 1 1 . . Alert | -11 -10 -10 -10 -9 ------- Run | Yrd Mat Min Exi Min Maximum Alert Level . | . . . . . Low Security (%) 100 | 100 100 100 . 100 Level 1 . | . . . . . Level 2 . | . . . . . Level 3 . | . . . . . Level 4 . | . . . . . Level 5 . | . . . . . High Security . | . . . . . Max Security . | . . . . . Peak Influence 138 | 10 138 45 . 5 Initial 45 | . . 45 . . Average 18 | 1 28 4 . . Influence Increases 523 | 15 489 14 . 5 Destroy 0b10 Robot/C 260 | . 260 . . . Destroy 0b10 Robot/NC 100 | 15 70 10 . 5 Destroy Leader 70 | . 70 . . . Successful Hack 40 | . 40 . . . Disable Machine 15 | . 15 . . . Destroy Structure 8 | . 4 4 . . Lose Combat Pursuer 30 | . 30 . . . Influence Decreases 523 | 15 371 132 . 5 Entered New Map 73 | . . 73 . . Time Decay 440 | 15 361 59 . 5 Lost Part 10 | . 10 . . . Squads Dispatched 3 | . 3 . . . Investigation 1 | . 1 . . . Extermination . | . . . . . Reinforcement 2 | . 2 . . . Assault . | . . . . . Garrison . | . . . . . Intercept . | . . . . . Searches Triggered . | . . . . . Construction Impeded . | . . . . . Haulers Reinforced . | . . . . . Active Scanning Responses . | . . . . . Cargo Convoy Interrupts . | . . . . . Stealth | -11 -10 -10 -10 -9 --------- Run | Yrd Mat Min Exi Min Distress Signals 1 | . 1 . . . Communications Jammed . | . . . . . Distress Signals . | . . . . . Times Spotted 28 | . 23 . . 5 Peak Tracking Total 5 | . 3 . . 5 Tactical Retreats 1 | . 1 . . . Traps | -11 -10 -10 -10 -9 ------- Run | Yrd Mat Min Exi Min Traps Triggered 1 | . . 1 . . Indirectly . | . . . . . Trap Hack Attempts 25 | . 25 . . . Triggered . | . . . . . Disarmed . | . . . . . Reprogrammed 4 | . 4 . . . Reused . | . . . . . Traps Extracted 4 | . 4 . . . Installed . | . . . . . Triggered . | . . . . . Most Traps Carried 4 | . 4 4 4 4 Machines | -11 -10 -10 -10 -9 ---------- Run | Yrd Mat Min Exi Min Machines Disabled 3 | . 2 1 . . Max in Single Turn 1 | . 1 1 . . Machines Repaired . | . . . . . Machines Dismantled . | . . . . . Machines Sabotaged . | . . . . . Overloaded Fab Kills . | . . . . . Hacking | -11 -10 -10 -10 -9 --------- Run | Yrd Mat Min Exi Min Machines Accessed 12 | . 9 1 1 1 Terminals 6 | . 6 . . . Fabricators . | . . . . . Repair Stations 1 | . 1 . . . Recycling Units 2 | . 2 . . . Scanalyzers . | . . . . . Garrison Access . | . . . . . Total Hacks 34 | . 31 1 1 1 Successful 21 | . 18 1 1 1 Failed 12 | . 12 . . . Catastrophic . | . . . . . Database Lockouts 1 | . 1 . . . Manual 24 | . 23 . 1 . Terminals 23 | . 23 . . . Fabricators . | . . . . . Repair Stations 2 | . 2 . . . Recycling Units 6 | . 6 . . . Scanalyzers . | . . . . . Garrison Access . | . . . . . Terminal Hacks 9 | . 6 1 1 1 Robot Analysis 2 | . 2 . . . Prototype ID Bank 1 | . 1 . . . Open Door 2 | . . 1 . 1 Terminal Index 1 | . 1 . . . Locate Traps 2 | . 2 . . . Proto ID Catalog 1 | . . . 1 . Fabricator Hacks . | . . . . . Repair Station Hacks 2 | . 2 . . . Scan Component 1 | . 1 . . . Repair 1 | . 1 . . . Recycling Unit Hacks 1 | . 1 . . . Report Inventory 1 | . 1 . . . Scanalyzer . | . . . . . Garrison Access Hacks . | . . . . . Unauthorized Hacks 9 | . 9 . . . Terminals 6 | . 6 . . . Assimilate 2 | . 2 . . . Botnet 4 | . 4 . . . Fabricators . | . . . . . Repair Stations . | . . . . . Recycling Units 3 | . 3 . . . Reject 2 | . 2 . . . Mask 1 | . 1 . . . Scanalyzers . | . . . . . Garrison Access . | . . . . . Data Cores Recovered . | . . . . . Used . | . . . . . Hacking Detections 8 | . 8 . . . Full Trace Events 1 | . 1 . . . Feedback Events . | . . . . . Feedback Blocked . | . . . . . Robot Schematics Acquired . | . . . . . Robots Built . | . . . . . Authchips . | . . . . . Time . | . . . . . Total Robot Build Rating . | . . . . . Part Schematics Acquired . | . . . . . Parts Built . | . . . . . Authchips . | . . . . . Time . | . . . . . Total Part Build Rating . | . . . . . Parts Repaired 1 | . 1 . . . Time 26 | . 26 . . . Parts Recycled . | . . . . . Recycled Matter . | . . . . . Retrieved Matter . | . . . . . Retrieved Components . | . . . . . Parts Scanalyzed . | . . . . . Part Schematics Acquired . | . . . . . Parts Damaged . | . . . . . Bothacking | -11 -10 -10 -10 -9 ------------ Run | Yrd Mat Min Exi Min Used RIF Installer . | . . . . . Robots Hacked 2 | . 2 . . . Non-combat 2 | . 2 . . . Combat . | . . . . . Robot Hacks Applied 2 | . 2 . . . no_distress 2 | . 2 . . . Relay Couplers Released . | . . . . . Fabnet Peak Effective % . | . . . . . Robots Rewired . | . . . . . Allies Hacked . | . . . . . Hacks Repelled . | . . . . . Allies | -11 -10 -10 -10 -9 -------- Run | Yrd Mat Min Exi Min Total Allies 4 | . 1 3 . . Largest Group 3 | . 1 3 3 3 Highest-Rated Group 40 | . 10 40 40 40 Highest-Rated Ally 16 | . 10 16 16 16 Total Orders 2 | . 2 . . . STAY 1 | . 1 . . . FOLLOW 1 | . 1 . . . Ally Attacks 6 | . . . . 6 Total Damage 58 | . . . . 58 Kills . | . . . . . Allies Corrupted . | . . . . . Allies Melted . | . . . . . Intel | -11 -10 -10 -10 -9 ------- Run | Yrd Mat Min Exi Min Active Infowar (turns) 429 | 50 379 . . . Seismic 429 | 50 379 . . . Robot Analysis Total 2 | . 2 . . . Derelict Logs Recovered . | . . . . . Drone Launches . | . . . . . Drone Recoveries . | . . . . . Exploration | -11 -10 -10 -10 -9 ------------- Run | Yrd Mat Min Exi Min Turns Passed 2754 | 139 1474 599 357 185 Spaces Moved 2204 | 97 1057 559 338 153 Core 10 | 10 . . . . Treads . | . . . . . Legs . | . . . . . Wheels 2194 | 87 1057 559 338 153 Hover . | . . . . . Flight . | . . . . . Fastest Speed 50 | 50 90 100 100 100 Average Speed 100 | 93 101 100 100 100 Slowest Speed 120 | 100 120 100 100 100 Overloaded Moves . | . . . . . Propulsion Burnouts . | . . . . . Robots Hopped . | . . . . . Potential Cave-ins . | . . . . . Cave-ins Triggered . | . . . . . Exploration Rate (%) 61 | 5 99 96 72 36 Regions Visited 4 Branch Regions 3 Pre-discovered Areas . | . . . . . Known Exits Taken . | . . . . . Unknown Exits Taken 4 | 1 1 1 1 . Scrap Searched 2 | . . 1 . 1 Spaces Dug . | . . . . . Terrain Destroyed 7 | . 3 4 . . Melee . | . . . . . Projectile . | . . . . . AOE 7 | . 3 4 . . Terrain Rammed . | . . . . . Walls Destroyed . | . . . . . Machines Disabled . | . . . . . Actions | -11 -10 -10 -10 -9 --------- Run | Yrd Mat Min Exi Min Total 2571 | 122 1328 589 357 175 Wait 124 | . 84 11 16 13 Move 2200 | 96 1056 558 337 153 Hop . | . . . . . Pick Up 40 | 8 25 4 2 1 Fast Attach 9 | 6 1 2 . . Attach 5 | 1 3 . . 1 Detach 1 | . 1 . . . Swap 15 | . 12 2 . 1 Drop 33 | . 24 6 2 1 Fire 116 | 11 94 6 . 5 Melee 2 | . 2 . . . Ram 1 | . 1 . . . Kick . | . . . . . Crush . | . . . . . Escape Stasis . | . . . . . Rewire . | . . . . . Trap 25 | . 25 . . . Miscellaneous . | . . . . . Route ------- -11/Scrapyard -10/Materials (discovered 6 exits: [*Mat x3] / *Min x2 / [*Sub]) -10/Mines (discovered 3 exits: [*Mat x2] / *Exi) -10/Exiles (discovered 2 exits: *Min x2) -9/Mines History --------- Turn | Location | Event 4 | -11/Scrapyard | Discovered new exit (range 14) 140 | -11/Scrapyard | Entered Materials 146 | -10/Materials | Discovered new exit (range 16) 308 | -10/Materials | Build established: Mutant 462 | -10/Materials | Discovered new exit (range 12) 699 | -10/Materials | Discovered new exit (range 13) 810 | -10/Materials | Build established: Scavenger-Mutant 887 | -10/Materials | Central database locked down 1205 | -10/Materials | Build established: Mutant 1289 | -10/Materials | Discovered new exit (range 16) 1479 | -10/Materials | Discovered new exit (range 7) 1484 | -10/Materials | Discovered new exit (range 8) 1507 | -10/Materials | Core integrity fell below 50% 1578 | -10/Materials | Repaired Beam Cannon 1614 | -10/Materials | Entered Mines 1871 | -10/Mines | Discovered new exit (range 11) 1904 | -10/Mines | Met a Derelict who couldn't figure out how to use a Trap Extractor 1984 | -10/Mines | Discovered new exit (range 6) 2139 | -10/Mines | Assisted by bots powering up and referring to "LRC-V3" 2202 | -10/Mines | Deemed a non-threat by the Exiles lab entrance 2202 | -10/Mines | Discovered new exit (range 5) 2213 | -10/Mines | Entered Exiles 2213 | -10/Exiles | Accompanied by 3 allies 2226 | -10/Exiles | Discovered new exit (range 15) 2238 | -10/Exiles | Met 8R-AWN 2254 | -10/Exiles | Met EX-HEX 2299 | -10/Exiles | Met EX-DEC 2357 | -10/Exiles | Met EX-BIN 2372 | -10/Exiles | Aligned with FarCom system 2373 | -10/Exiles | Given EX-Vault access code 2397 | -10/Exiles | Opened EX-Vault 2405 | -10/Exiles | Found Modified TNC 2436 | -10/Exiles | Warned to stay clear of 0b10 Research branches 2442 | -10/Exiles | Exiles lab attacked by MAIN.C 2547 | -10/Exiles | Discovered new exit (range 11) 2570 | -10/Exiles | Left Exiles lab with Modified TNC 2570 | -10/Exiles | Entered Mines 2570 | -9/Mines | Accompanied by 3 allies 2597 | -9/Mines | Found the Drone Emporium 2683 | -9/Mines | Assembled infested the area 2688 | -9/Mines | Assisted by a Guerilla fighting off Assembled 2752 | -9/Mines | Core integrity fell below 20% 2755 | -9/Mines | Destroyed by D-53 Grenadier with Mini Grenade Launcher Last Messages --------------- 02683_ ALERT: Infestation in the mines, dispatching Demolisher response squad. 02688_ A derelict emerges from the shadows: "You need to get out of here! I've been tracking a group of Assembled to figure out where they're coming from, and they're closing on this area, come on!" 02738_ 5L-KAT destroyed. 02739_ Mercenary 1a destroyed. 02742_ Trooper 1b destroyed. 02742_ Wheel destroyed. 02745_ The unstable cave ceiling collapses. 02745_ Trooper 1a destroyed. 02748_ D-53 Grenadier IFF system glitched. 02748_ R-06 Scavenger destroyed. 02752_ EM Pulse Gun destroyed. 02753_ The unstable cave ceiling collapses. 02753_ Ion Engine destroyed. 02753_ Imp. Heat Sink destroyed. 02755_ Arm. Wheel destroyed. Map ----- +----------------------------------------------------+ | | | | | ?????????????????????????????????????????? | | ?????????????????????????????????????????? | | ?????????????????????????????????????????? | | ?????????????????????????????????????????? | | ?????????????????????????????????????????? | | ?????????????????????????????????????????? | | ?????????????????????????????###?????????? | | ?????????????????????????#### ##????????? | | ????????????????????????## #??????? | | ????????????????????????# #???????? | | ????????????????????????# #????????? | | ????????????????????????# ###?????????# | | ????????????????????????# ##??????????## | | ????????????????????????# ##??????????# | | ????????????????????????# #??????????? | | ????????????????????????# #?????????## | | ????????????????????????## #????????## | | ?????????????????####???## ##???##### | | ??????????????#### ##?## ##?## | | ?????????????## ### ### # | | ????????????## !%! # | | ????????????# | | ????????????# d ###### # | | ????????????# @ d ###????#### | | ????????????# #?????????# | | ????????????# #??????????# | | ????????????# ###?????????? | | ????????????## ggg# #???????????## | | ?????????????##### ##???????????? | | ?????????????????? # ##????????????? | | ??????????????????##### # ???????????? "" | | ???????????????????????##?##??????????? "" | | ??????????????????????????????????????? "" | | ?????????????????????????????????????? ??? | | ?????????????????????????????????????? ??? | | ?????????????????????????????????????????? | | ?????????????????????????????????????????? | | ?????????????????????????????????????????? | | ?????????????????????????????????????????? | | ?????????????????????????????????????????? | | ?????????????????????????????????????????? | | ?????????????????????????????????????????? | | ?????????????????????????????????????????? | | ?????????????????????????????????????????? | | ?????????????????????????????????????????? | | ?????????????????????????????????????????? | | ?????????????????????????????????????????? | | ?????????????????????????????????????????? | +----------------------------------------------------+ Best States ------------- Heat Dissipation 39 Energy Generation 10 Energy Capacity 250 Matter Stores 300 Matter Capacity 300 Sight Range 16 Terrain Scan Density 10 Armor Coverage 225 Evasion (%) 50 Authchip Count 1 Trap Extractor Capacity 6 Item Schematics ----------------- None Robot Schematics ------------------ None Fabricated ------------ Nothing Repaired ---------- Beam Cannon | 66% | -10/Materials Alien Tech Used ----------------- None Achievements -------------- None Challenges ------------ None Game ------ Seed BeamSmallTrident Manual? 0 Play Time 00:23:56 Cumulative 301.0 hours Start 2025.08.12 @ 12:13:45 End 2025.08.12 @ 12:36:57 Sessions 1 Manual Loads 0 Difficulty Rogue Special Mode None Game No. 267 Rogue 267 Adventurer 0 Explorer 0 Win Type - Total 1 Types 1/0/0/0/0/0/0/0/0/0 Lore% 67 Gallery% 64 Achievement% 51 Wizard Run 0 Options --------- Layout 2 ASCII 1 Keyboard 1 Movement Numpad Keybinds 0 Fullscreen 2 Font 32/TamsynBold Map View 50x44 Zoom Use 0% Tactical HUD 1 Map Filters NONE Filters NONE Steam 1 RUN: 867000e6-f27e-4548-945e-6cb9e96ad966